[Event "*** Titled Tuesday Blitz"]
[Site "Chess.com"]
[Date "2021.03.02"]
[Round "7"]
[White "kidagent"]
[Black "Chesswizard_2007"]
[Result "1/2-1/2"]
[WhiteElo "2321"]
[BlackElo "2704"]
[TimeControl "180+1"]
[EndTime "11:19:50 PST"]
[Termination "Game drawn - timeout vs insufficient material"]

1. e4 c5 2. Nf3 Nc6 3. d4 cxd4 4. Nxd4 e5 5. Nb5 a6 6. Nd6+ Bxd6 7. Qxd6 Qe7 8. Qd1 Nf6 9. Nc3 Nd4 10. Bg5 Qe6 11.
Bxf6 Qxf6 12. Nd5 Qc6 13. c3 Ne6 14. g3 O-O 15. Bg2 b5 16. Ne7+ Kh8 17. Nxc6 dxc6 18. O-O Rd8 19. Qc2 Bb7 20. Rad1 Rdb8 21. Rd7 Kg8 22. Rfd1 c5 23. b4 Bc6 24. R7d6 Be8 25. bxc5 Nxc5 26. f4 exf4 27. gxf4 Rc8 28. e5 Rab8 29.
Qd2 g6 30. Bd5 Kf8 31. e6 Rc7 32. exf7 Bxf7 33. Rf6 Rd8 34. Qe3 Kg7 35. Qe5 Kh6 36.
Bf3 Rxd1+ 37. Bxd1 Bc4 38. Qg5+ Kg7 39. Rd6 Nb7 40.
Qe5+ Kh6 41. Rxa6 Rd7 42. Bf3 Nd8 43. Rd6 Nf7 44. Rxd7 Nxe5 45. fxe5 Kg5 46. Bc6 Kf5 47. Rxh7 Kxe5 48. Rb7 Kd6 49. Bxb5 Bxa2 50. Bd3 g5 51. Rg7 Ke5 52. Rxg5+ Kf4 53. Rf5+ Ke3 54. Ba6 Bb1 55. Rf8 Ba2 56. c4 Kd4 57. Rc8 Bb1 58. c5 Bf5 59.
Rc7 Kd5 60. h4 Bg4 61. Bb7+ Ke6 62. Rg7 Bh5 63. Rg5 Be8 64. Bc8+ Ke7 65. Re5+ Kd8 66.
Rxe8+ Kc7 67. Bf5 Kc6 68. Re5 Kc7 69. Kf2 Kc6 70. Ke3 Kb5 71. Kd4 Kb4 1/2-1/2

[Event "*** Titled Tuesday Blitz"]
[Site "Chess.com"]
[Date "2021.03.02"]
[Round "7"]
[White "German_Bazeev"]
[Black "exoticprincess"]
[Result "1/2-1/2"]
[WhiteElo "2737"]
[BlackElo "2978"]
[TimeControl "180+1"]
[EndTime "11:19:54 PST"]
[Termination "Game drawn by repetition"]

1. d4 Nf6 2. Nf3 e6 3. c4 c5 4. d5 exd5 5. cxd5 d6 6. Nc3 g6 7. e4 Bg7 8. h3 O-O 9. Bd3 a6 10. O-O b5 11. Re1 Re8 12. Bf4 Bb7 13. a3 Qb6 14. Qd2 Nbd7 15. b4 Rac8 16. Rac1 Nh5 17. Be3 Qd8 18. g4 Nhf6 19. Bf4 Qb6 20. Be3 h5 21. g5 Nh7 22. a4 Qd8 23. axb5 cxb4 24.
Na2 Rxc1 25. Rxc1 a5 26. Rc6 Bxc6 27. dxc6 Nc5 28. Bc4 b3 29. Bxc5 bxa2 30. Bxf7+ Kxf7 31. Qxa2+ Kf8 32. Qd5 dxc5 33. Qxd8 Rxd8 34. c7 Re8 35. b6 Nxg5 36. b7 Nxf3+ 37. Kg2 Be5 38. c8=Q Nh4+ 39. Kf1 Nf3 40. Ke2 Nd4+ 41. Ke3 Ne6 42. Qa8 Rb8 43. Qa6 Ke7 44. Qc6 a4 45. Qa6 a3 46. Qxa3 Rxb7 47.
Qa8 Rb3+ 48. Ke2 Nf4+ 49. Kd2 Rb2+ 50. Kc1 Nd3+ 51. Kd1 Nxf2+ 52. Kc1 Nd3+ 53. Kd1 Nf4 54. Qa7+ Kf6 55. Qxc5 Ne6 56. Qc6 Rh2 57. Qe8 Nf4 58.
Qh8+ Ke6 59. Qe8+ Kd6 60. Qb8+ Ke6 61. Qe8+ Kd6 62. Qb8+ Ke6 63. Qe8+ 1/2-1/2

[Event "*** Titled Tuesday Blitz"]
[Site "Chess.com"]
[Date "2021.03.02"]
[Round "7"]
[White "CakeinSpace2002"]
[Black "UCantHandleDenker"]
[Result "1-0"]
[WhiteElo "2420"]
[BlackElo "2528"]
[TimeControl "180+1"]
[EndTime "11:19:54 PST"]
[Termination "CakeinSpace2002 won by resignation"]

1. d4 Nf6 2. c4 c5 3. d5 d6 4. Nc3 g6 5. Nf3 Bg7 6. e4 O-O 7. h3 e6 8. Be2 Re8 9. O-O Na6 10. Bf4 exd5 11. exd5 Ne4 12. Nxe4 Rxe4 13. Bg5 Qf8 14. Bd3 Re8 15. Qd2 Bd7 16. a3 Nc7 17. Rab1 b6 18. b4 Na6 19. Rfe1 Rxe1+ 20. Rxe1 Re8 21.
b5 Nc7 22. a4 f5 23. Bf4 Rxe1+ 24. Qxe1 h6 25. h4 Ne8 26. a5 Qf6 27. axb6 axb6 28.
Qe3 Kh7 29. Bf1 Qf7 30. Qa3 Bc8 31. Qa8 Qb7 32. Qa2 Bf8 33. Qe2 Qe7 34. Qd2 Nf6 35. Bd3 Ne4 36. Qa2 g5 37. hxg5 hxg5 38. Bxe4 gxf4 39.
Bd3 Kg6 40. Qd2 Bh6 41. Qc2 Qf6 42. Qe2 Bd7 43. Qa2 Qc3 44. Bf1 Bg7 45. Qa7 Be8 46. Qxb6 Qf6 47. Qb8 Bf7 48. b6 Qb2 49. Qxd6+ Kh7 50.
Ng5+ Kg8 51. Qd8+ Bf8 52. d6 f3 53. Nxf3 Qb1 54. Qg5+ Bg7 55. d7 Bxc4 56. d8=Q+ Kh7 57. Qh5+ Bh6 58. Ng5+ Kg7 59. Qe7+ Kg8 60. Qhe8+ 1-0

[Event "*** Titled Tuesday Blitz"]
[Site "Chess.com"]
[Date "2021.03.02"]
[Round "7"]
[White "RaphCamora"]
[Black "Orest_Vovk"]
[Result "1-0"]
[WhiteElo "2379"]
[BlackElo "2490"]
[TimeControl "180+1"]
[EndTime "11:19:54 PST"]
[Termination "RaphCamora won on time"]

1. e4 Nc6 2. Nf3 d5 3. exd5 Qxd5 4. Nc3 Qa5 5. d4 Bg4 6. h3 Bxf3 7. Qxf3 O-O-O 8. d5 Nb4 9. Bd3 Nf6 10. O-O Nbxd5 11. Bd2 Nxc3 12. Bxc3 Qd5 13. Qe3 c5 14. Rad1 e6 15.
Be2 Qc6 16. Rxd8+ Kxd8 17. Rd1+ Kc8 18. Bxf6 gxf6 19. Bf3 Qc7 20. Bg4 f5 21. Bxf5 Bg7 22. Be4 Bd4 23. Qf3 f5 24. Bd3 Rg8 25. c3 Rg3 26. Qe2 Qc6 27. Qf1 c4 28. cxd4 Rxd3 29. Rxd3 cxd3 30. Qxd3 Qc1+ 31. Kh2 Qxb2 32. Qc4+ Kd7 33. d5 Qe5+ 34. g3 Qxd5 35. Qa4+ Ke7 36. Qxa7 Kf6 37. Qe3 Kg6 38. h4 Qxa2 39. Qb6 Qd5 40.
Qc7 h6 41. Qe7 b5 42. Qe8+ Kf6 43.
Qh8+ Ke7 44. Qh7+ Kd6 45. Qxh6 b4 46. Qf4+ Kc5 47. h5 b3 48. h6 e5 49. Qe3+ Qd4 50.
Qxb3 Qxf2+ 51. Kh3 Qf1+ 52. Kh4 Qh1+ 53. Kg5 Qe4 54.
Qc3+ Kb5 55. Qb2+ Kc4 56. Qc1+ Kd5 57. Qd1+ Kc5 58. h7 Qe3+ 59. Kg6 Qxg3+ 60. Kf7 Qh4 61. Qc2+ Kd4 62. Qxf5 Qf4 63. Qxf4+ exf4 64. h8=Q+ Ke3 65.
Qh1 f3 66. Qf1 1-0

[Event "*** Titled Tuesday Blitz"]
[Site "Chess.com"]
[Date "2021.03.02"]
[Round "7"]
[White "Gahan-MG"]
[Black "grunbergmihai"]
[Result "1-0"]
[WhiteElo "2642"]
[BlackElo "2481"]
[TimeControl "180+1"]
[EndTime "11:19:58 PST"]
[Termination "Gahan-MG won on time"]

1. e4 Nf6 2. e5 Nd5 3. d4 d6 4. Nf3 dxe5 5. Nxe5 c6 6. Be2 Nd7 7. O-O Nxe5 8. dxe5 Bf5 9. Nd2 e6 10. Nf3 Be7 11. c4 Nb4 12. Qb3 Nc2 13. Rb1 Qb6 14. Bd2 Qxb3 15. axb3 O-O-O 16. Bc3 Rd7 17. Rfc1 Rhd8 18.
h3 h6 19. Ba5 b6 20. Bc3 c5 21. Rf1 Nd4 22. Bxd4 Bxb1 23. Rxb1 cxd4 24. Bd3 Bb4 25. Ne1 Bxe1 26. Rxe1 a5 27. f4 Kc7 28. Kf2 Kc6 29. Ra1 Kc5 30. Ra4 f6 31. exf6 gxf6 32. g4 e5 33. f5 Re7 34. Kf3 e4+ 35. Bxe4 d3 36. Ra1 d2 37. Rd1 Kb4 38. Bd5 Rde8 39. Rxd2 Re3+ 40.
Kf4 Rxh3 41. Be6 h5 42. Rd6 Rb8 43. Bf7 h4 44. Rxf6 Rxb3 45. c5 Rxb2 46. cxb6 h3 47. Rh6 h2 48. g5 a4 49. g6 a3 50. g7 a2 51. Bxa2 Rxa2 52. f6 Rxb6 53. g8=Q Rxf6+ 54. Rxf6 h1=Q 55. Qxa2 Qh4+ 56. Kf5 Qh5+ 57. Ke6 Qe8+ 58.
Kf5 Qh5+ 59. Ke4 Qh4+ 60. Rf4 Qe7+ 61. Kf5+ Kc5 62. Qe6 1-0

[Event "*** Titled Tuesday Blitz"]
[Site "Chess.com"]
[Date "2021.03.02"]
[Round "7"]
[White "Skatchkov_V"]
[Black "lamomiablanca"]
[Result "1/2-1/2"]
[WhiteElo "2612"]
[BlackElo "2377"]
[TimeControl "180+1"]
[EndTime "11:19:58 PST"]
[Termination "Game drawn by stalemate"]

1. d4 Nf6 2. c4 c5 3. d5 e5 4. Nc3 d6 5. e4 Nbd7 6. h3 h5 7. g3 g6 8. Bg2 Be7 9. Nf3 Nh7 10. Be3 a6 11. a4 Ng5 12. Ng1 h4 13. g4 Nh7 14.
Nf3 Ng5 15. Ng1 Nh7 16. Qd2 Bg5 17. Nf3 Bxe3 18. Qxe3 g5 19. Ng1 Ndf8 20. Nge2 Ng6 21. a5 Nf4 22. Nxf4 exf4 23. Qd2 f6 24. Na4 Nf8 25. e5 fxe5 26. Be4 Nd7 27. f3 Nf6 28. Nb6 Rb8 29. b4 cxb4 30. Qxb4 O-O 31. Kf2 Nxe4+ 32. fxe4 f3 33. c5 dxc5 34. Qxc5 Qf6 35.
Qe3 Rd8 36. Qxf3 Qd6 37. Qe3 Rf8+ 38. Kg2 Rf4 39. Qa3 Qg6 40. Qd3 Bxg4 41. hxg4 Rxg4+ 42. Kh3 Rg3+ 43. Qxg3 hxg3 44. Kxg3 Qxe4 45. Nd7 Qe3+ 46. Kg4 Qf4+ 47. Kh5 Rd8 48. Raf1 Rxd7 49. Rxf4 gxf4 50. Kg5 Rxd5 51. Kf6 f3 52. Rg1+ Kf8 53. Rc1 Ke8 54. Ke6 Rd8 55. Rf1 Rc8 56. Rxf3 Rc5 57. Rb3 Rxa5 58.
Rxb7 Kd8 59. Kd6 Kc8 60. Re7 Rb5 61. Rxe5 Rxe5 62. Kxe5 Kb7 63. Kd4 Kb6 64. Kc3 Ka5 65.
Kb2 Kb5 66. Ka1 Kb4 67. Ka2 a5 68. Ka1 a4 69. Ka2 Kc3 70. Ka1 Kb3 71. Kb1 Ka3 72.
Ka1 Kb3 73. Kb1 a3 74. Ka1 a2 1/2-1/2

[Event "*** Titled Tuesday Blitz"]
[Site "Chess.com"]
[Date "2021.03.02"]
[Round "7"]
[White "MelihKaanCan"]
[Black "Trovita84"]
[Result "0-1"]
[WhiteElo "2379"]
[BlackElo "2069"]
[TimeControl "180+1"]
[EndTime "11:19:59 PST"]
[Termination "Trovita84 won by checkmate"]

1. e4 c6 2. d4 d5 3. e5 Bf5 4. Nf3 e6 5. Be2 Nd7 6. O-O Ne7 7. Nbd2 Bg6 8. Nb3 Nf5 9. Bd2 a6 10. a4 c5 11. c4 dxc4 12. Bxc4 cxd4 13. Re1 Be7 14. a5 O-O 15. Bd3 Nc5 16. Nxc5 Bxc5 17. b4 Ba7 18. Ng5 h6 19. Ne4 Rc8 20. Qg4 h5 21. Qf4 Ne7 22. Nf6+ gxf6 23. exf6 Nd5 24. Qh6 Qxf6 25. Be2 Qg7 26. Qg5 d3 27. Bf3 Qf6 28.
Qh6 Bd4 29. Rad1 Qg7 30. Qg5 Bf6 31. Qg3 Bf5 32. Qxg7+ Kxg7 33. Bxh5 Rh8 34. Bf3 Nc3 35. Rc1 Ne2+ 36. Bxe2 dxe2 37. Rxc8 Rxc8 38. Rxe2 Rc2 39. g3 Bc3 40. Bxc3+ Rxc3 41. Re5 Rc1+ 42. Kg2 Rb1 43. g4 Kf6 44. Rc5 Bxg4 45. Rc4 Bf5 46. h4 Rb3 47. h5 Kg7 48. Rc7 Rd3 49. h6+ Kxh6 50. Rxb7 Kg6 51.
Rb6 Rd5 52. Rxa6 Rb5 53. Ra7 Bd3 54. Kg3 Bc4 55. Rc7 Rxb4 56. Rc5 Bd5 57. Rc7 Rb8 58. Ra7 Ra8 59. Rc7 Rxa5 60. Rc1 Ra3+ 61. Kh2 Rb3 62. Ra1 Kf6 63. Kg1 Ke5 64. Ra7 f5 65. Rg7 Rb1+ 66.
Kh2 Kf4 67. Ra7 Rb2 68. Kg1 Be4 69. Rb7 Rxb7 70. Kh2 Rh7+ 71. Kg1 Rh1# 0-1

[Event "*** Titled Tuesday Blitz"]
[Site "Chess.com"]
[Date "2021.03.02"]
[Round "7"]
[White "gumimis"]
[Black "mortngabriel"]
[Result "1-0"]
[WhiteElo "2306"]
[BlackElo "2452"]
[TimeControl "180+1"]
[EndTime "11:20:00 PST"]
[Termination "gumimis won on time"]

1. e4 c5 2. Nf3 Nc6 3. d4 cxd4 4. Nxd4 Nf6 5. Nc3 e5 6. Ndb5 d6 7. Bg5 a6 8. Na3 b5 9. Nd5 Be7 10. Bxf6 Bxf6 11. c3 Bg5 12. Be2 O-O 13. O-O Ne7 14.
Nxe7+ Qxe7 15. Nc2 Bb7 16. Bf3 Rfd8 17. Nb4 Qc7 18. a4 a5 19. Nd5 Bxd5 20. Qxd5 bxa4 21. Rxa4 Qc5 22. Rd1 Be7 23. Be2 Rdb8 24. Bc4 Qxd5 25. Bxd5 Ra6 26. b4 Bd8 27. Rda1 Kf8 28. g3 g6 29.
bxa5 Rb2 30. Bc4 Ra7 31. a6 Bb6 32. Rb4 Bxf2+ 33. Kf1 Rxb4 34. cxb4 Bb6 35. Bd5 Ke7 36.
Bb7 Kd7 37. Ke2 Bd4 38. Rc1 f5 39. Kd3 Bb6 40. Rf1 Ke6 41. Rc1 Kd7 42. exf5 gxf5 43. Kc4 f4 44. gxf4 exf4 45. Rf1 Be3 46. Kd5 Ke7 47. b5 Kd7 48. h3 Kc7 49. Re1 Kb6 50.
Kc4 Bc5 51. Re4 Be3 52. Re6 Bc5 53. Rf6 Be3 54. Rxd6+ Ka5 55. Rf6 h5 56. Rf5 h4 57.
Rf6 Bd2 58. Kc5 1-0

[Event "*** Titled Tuesday Blitz"]
[Site "Chess.com"]
[Date "2021.03.02"]
[Round "7"]
[White "serhanberat_ozdemir"]
[Black "swisspower96"]
[Result "1/2-1/2"]
[WhiteElo "2549"]
[BlackElo "2674"]
[TimeControl "180+1"]
[EndTime "11:20:01 PST"]
[Termination "Game drawn by repetition"]

1. e4 c5 2. Nf3 Nc6 3. Bb5 g6 4. Bxc6 dxc6 5. O-O Bg7 6. h3 Nf6 7. d3 Nd7 8. Nbd2 e5 9. a3 O-O 10. b4 Qe7 11. Nc4 Rd8 12. Qe1 Nb6 13. Nxb6 axb6 14. Bb2 f6 15. Nd2 Be6 16. f4 cxb4 17. axb4 Qxb4 18. Rb1 Ra2 19. Nf3 Qc5+ 20. Qf2 exf4 21. Bd4 Qxc2 22. Qxc2 Rxc2 23. Bxb6 Re8 24. Nd4 Ra2 25. Nxe6 Rxe6 26. Rxf4 Rd2 27. Rf3 Re7 28. Bc5 Rd7 29. d4 Re2 30. Ra3 Rxe4 31. Ra8+ Kf7 32. Ra7 Bh6 33. Rbxb7 Rxb7 34. Rxb7+ Ke6 35. Kf2 f5 36.
Rxh7 Be3+ 37. Kf3 Bxd4 38. Bxd4 Rxd4 39. Rg7 Kf6 40. Rc7 Rc4 41. h4 Ke5 42. Rc8 Rc3+ 43. Kf2 Rc4 44. g3 Kd5 45. Rg8 Rg4 46. Rf8 Ke6 47. Re8+ Kd7 48. Rf8 c5 49. h5 Ke7 50.
Rc8 gxh5 51. Rxc5 Kf6 52. Rc6+ Kg5 53. Rc8 Ra4 54. Rg8+ Kf6 55. Rf8+ Kg6 56. Rg8+ Kf7 57. Rg5 Kf6 58. Rxh5 Kg6 59. Rh1 Kg5 60. Rh8 Ra2+ 61. Kf3 Ra3+ 62. Kf2 Ra6 63. Rg8+ Kf6 64. Rf8+ Kg6 65.
Rh8 Ra4 66. Kf3 Kf6 67. Rh6+ Kg5 68. Rh8 Ra3+ 69. Kf2 Ra2+ 70. Kf3 Ra3+ 1/2-1/2

[Event "*** Titled Tuesday Blitz"]
[Site "Chess.com"]
[Date "2021.03.02"]
[Round "7"]
[White "Lysiak_Poltorak"]
[Black "elohunter1999"]
[Result "0-1"]
[WhiteElo "2471"]
[BlackElo "2631"]
[TimeControl "180+1"]
[EndTime "11:20:02 PST"]
[Termination "elohunter1999 won on time"]

1. d4 Nf6 2. c4 e6 3. Nc3 Bb4 4. Qc2 d5 5. cxd5 exd5 6. Bg5 h6 7. Bxf6 Qxf6 8. a3 Bxc3+ 9. Qxc3 c6 10. e3 Bf5 11. Bd3 Bxd3 12. Qxd3 O-O 13. Nf3 Nd7 14. O-O Rfe8 15. b4 a6 16. a4 Nb6 17.
Nd2 Nc8 18. b5 axb5 19. axb5 Rxa1 20. Rxa1 c5 21. Rb1 c4 22. Qc2 Nd6 23. Nf3 Ra8 24. Ne5 Qd8 25. Qc3 Qa5 26. Qxa5 Rxa5 27. b6 f6 28. Nd7 c3 29. Nc5 c2 30. Rc1 Rb5 31.
Kf1 Rb1 32. Nd3 Nc4 33. Ke2 Na3 34. Kd2 Rxb6 35. Ne1 Nc4+ 36. Kc3 Rc6 37. Nxc2 Nxe3+ 38. Kd3 Nxc2 39. Rxc2 Rxc2 40. Kxc2 Kf7 41. Kb3 Ke6 42. Kb4 Kf5 43. Kc5 Ke4 44. f3+ Ke3 45. Kxd5 b5 46.
Kc5 b4 47. d5 b3 48. d6 b2 49. d7 b1=Q 50. d8=Q Qc2+ 51. Kb5 Qxg2 52. Qd5 Qxf3 53. Qe6+ Kf2 54. Qf7 g5 55. Qg6 h5 56. Kc5 h4 57. Kd4 Qf4+ 58. Kd3 Qxh2 59. Qxf6+ Qf4 60. Qb6+ Kg3 61. Ke2 Qf3+ 62. Ke1 h3 63. Qg1+ Qg2 64. Qe3+ Kh2 65. Qe6 g4 66. Kd1 g3 67. Ke1 Kh1 68.
Kd1 h2 69. Ke1 Qf2+ 70. Kd1 Kg1 0-1

[Event "*** Titled Tuesday Blitz"]
[Site "Chess.com"]
[Date "2021.03.02"]
[Round "7"]
[White "Gogolev_Artemy"]
[Black "Meri-Arabidze"]
[Result "0-1"]
[WhiteElo "2488"]
[BlackElo "2636"]
[TimeControl "180+1"]
[EndTime "11:20:03 PST"]
[Termination "Meri-Arabidze won by resignation"]

1. d4 d5 2. c4 e6 3. Nf3 Nf6 4. g3 Bb4+ 5. Nbd2 O-O 6. Bg2 c6 7. O-O b6 8. Qc2 Bb7 9. e4 Nbd7 10. e5 Ne8 11. a3 Be7 12. b4 c5 13. bxc5 bxc5 14.
Rb1 Rb8 15. Rd1 Nc7 16. Bb2 h6 17. Bc3 dxc4 18. Nxc4 Bd5 19. Ba5 Rxb1 20. Rxb1 Qc8 21. Nd6 Bxd6 22. exd6 Na6 23. Ne5 Bxg2 24. Kxg2 Nxe5 25.
dxe5 Qc6+ 26. Kg1 f6 27. Qc4 fxe5 28. Qxe6+ Kh8 29. Qxe5 Nb8 30. Bc3 Qd7 31. Re1 c4 32. Qd4 Nc6 33. Qxc4 Qxd6 34. Re6 Qd1+ 35. Qf1 Qf3 36.
Rxh6+ Kg8 37. Rg6 Qxc3 38. h4 Nd4 39. Qd1 Nf3+ 40. Kg2 Qc4 41. Qd7 Ne1+ 42. Kh2 Nf3+ 43. Kg2 Qd4 44. Qxd4 Nxd4 45. Ra6 Rf7 46. f4 Nf5 47. Kf3 Nd4+ 48. Kg4 Kh7 49. h5 Rb7 50. Kh4 Nf5+ 51. Kg4 Ne3+ 52. Kf3 Nc4 53. g4 Rb3+ 54. Ke4 Rxa3 55. Rc6 Nd2+ 56. Kf5 Ra5+ 57. Ke6 Ne4 58. Rc8 Ra6+ 59. Kf5 Nd6+ 60. Ke5 Nxc8 61. g5 Ne7 62. g6+ Nxg6+ 63. hxg6+ Kxg6 64. f5+ Kf7 65. Kf4 Rb6 66. Kg5 a5 67. Kg4 a4 68. Kg5 a3 69. Kg4 a2 70.
Kg5 0-1

[Event "*** Titled Tuesday Blitz"]
[Site "Chess.com"]
[Date "2021.03.02"]
[Round "7"]
[White "mirochka"]
[Black "marvinguevara"]
[Result "1/2-1/2"]
[WhiteElo "2224"]
[BlackElo "2116"]
[TimeControl "180+1"]
[EndTime "11:20:03 PST"]
[Termination "Game drawn - insufficient material"]

1. e4 c5 2. d4 Nc6 3. d5 Ne5 4.
f4 Ng6 5. Nf3 d6 6. Nc3 e6 7.
Bb5+ Bd7 8. dxe6 fxe6 9. Bc4 Nh4 10. O-O Nxf3+ 11. Qxf3 Nf6 12. e5 Bc6 13. Qh3 dxe5 14.
Qxe6+ Qe7 15. fxe5 Qxe6 16. Bxe6 Ne4 17. Bf7+ Kd8 18.
Nxe4 Bxe4 19. Bg5+ Kc7 20. e6 Bd6 21. e7 Bxc2 22. e8=Q Rhxe8 23. Bxe8 Rxe8 24. Rf7+ Kc6 25. Rxg7 Re2 26. Bh4 Be4 27. Bf2 Rxb2 28. a4 a6 29. Rc1 b5 30. Rg8 Bf5 31. Re8 Bd7 32. Ra8 Kb7 33.
Rd8 Kc7 34. Rh8 Bf5 35. Bxc5 Kd7 36. Bxd6 Kxd6 37. axb5 axb5 38. Rd8+ Ke6 39. Rb8 Bd3 40. Rb6+ Kf5 41. Rc5+ Kf4 42. h3 Be4 43. Rf6+ Ke3 44.
Rg5 b4 45. Re6 Kd3 46. Re7 b3 47. Rg3+ Kd4 48. Rd7+ Kc4 49. Rc7+ Kb4 50. Kh2 Rb1 51. Rg4 Re1 52. Rxe4+ Rxe4 53. Rxh7 Kc3 54. Rc7+ Rc4 55.
Re7 b2 56. Re1 Kc2 57. g4 Rd4 58. Kg3 Rd1 59. Re2+ Rd2 60. Re1 Rd1 61. Re2+ Rd2 62. Re1 b1=Q 63. Rxb1 Kxb1 64. h4 Kc2 65. Kf4 Kd3 66.
h5 Rh2 67. Kg5 Ke4 68. h6 Kf3 69. Kg6 Kxg4 70. h7 Kf4 71. Kg7 Kf5 72. h8=Q Rxh8 73.
Kxh8 1/2-1/2

[Event "*** Titled Tuesday Blitz"]
[Site "Chess.com"]
[Date "2021.03.02"]
[Round "7"]
[White "Frogo47"]
[Black "tk22h"]
[Result "1-0"]
[WhiteElo "2524"]
[BlackElo "2356"]
[TimeControl "180+1"]
[EndTime "11:20:04 PST"]
[Termination "Frogo47 won on time"]

1. d4 Nf6 2. c4 c5 3. d5 e5 4.
Nc3 d6 5. e4 Be7 6. g3 Nbd7 7.
Bg2 O-O 8. Nge2 a6 9. O-O b5 10. cxb5 axb5 11. Nxb5 Ba6 12. Nbc3 Qa5 13. Bd2 Rab8 14.
b3 Rfc8 15. Re1 Qc7 16. Rc1 Qa7 17. Bh3 Rc7 18. Be3 Nf8 19. f4 Ng6 20. Rb1 Bf8 21. Qd2 Re8 22. f5 Ne7 23. Kh1 Qa8 24. g4 h6 25. g5 hxg5 26. Bxg5 Nh7 27. Be3 Kh8 28. Rg1 Ng8 29. Rg3 Ngf6 30. Rbg1 Ra7 31. Bf1 Rb7 32. Rh3 Rb4 33. Ng3 Bxf1 34. Rxf1 c4 35. Bg5 Kg8 36. Bxf6 Nxf6 37. Rg1 Be7 38. Nh5 Nxh5 39. Rxh5 Bf6 40. bxc4 Rxc4 41. Rg3 Kf8 42. Rh8+ Ke7 43. Rxe8+ Qxe8 44.
Qb2 Qd7 45. a4 Qa7 46. Qb3 Qd4 47. Qb7+ Ke8 48. Qb5+ Ke7 49. Qb7+ Ke8 50. Qb5+ Ke7 51. Rh3 Qxc3 52. Rxc3 Rxc3 53. a5 Bg5 54. a6 Be3 55. Qb7+ Kf6 56. a7 Bxa7 57. Qxa7 Rc4 58. Qe3 g6 59.
Kg2 gxf5 60. exf5 Kxf5 61. Qh6 Ke4 62. Qxd6 Rd4 63. Qe7 Rxd5 64. Qxf7 Rd2+ 65. Kg3 Rd3+ 66. Kg4 Kd4 67. Qe6 e4 68. h4 1-0

[Event "*** Titled Tuesday Blitz"]
[Site "Chess.com"]
[Date "2021.03.02"]
[Round "7"]
[White "salomez"]
[Black "Maddie"]
[Result "1-0"]
[WhiteElo "2219"]
[BlackElo "2072"]
[TimeControl "180+1"]
[EndTime "11:20:08 PST"]
[Termination "salomez won by checkmate"]

1. e4 c6 2. d4 d5 3. Nc3 dxe4 4.
Nxe4 Nd7 5. Nf3 Ngf6 6. Bd3 Nxe4 7.
Bxe4 Nf6 8. Bd3 Bg4 9. Be3 e6 10. h3 Bh5 11. Qe2 Be7 12. O-O-O Qa5 13. Kb1 b5 14. g4 Bg6 15. Ne5 Qc7 16. Bf4 Bd6 17.
Bxg6 hxg6 18. Bg3 Nd5 19. f4 O-O-O 20. h4 Kb7 21. Rhf1 Ba3 22. Ka1 Bd6 23. c4 bxc4 24.
Nxc4 Nb6 25. Na5+ Ka8 26. Rc1 Bb4 27. Nxc6 Qd6 28. Qb5 Rd7 29. Qxb4 Qxb4 30. Nxb4 Rxd4 31. a3 a5 32. Nc6 Rd3 33. Bf2 Kb7 34. Nxa5+ Ka6 35.
Bxb6 Kxb6 36. Nc4+ Ka6 37. Ne5 Rh3 38. Nxf7 R8xh4 39. Ng5 Rh2 40. Nf3 R4h3 41. Nxh2 Rxh2 42. f5 exf5 43. gxf5 gxf5 44. Rxf5 Rg2 45. Rf7 g5 46. Rc6+ Kb5 47. Re6 Kc4 48. Ka2 g4 49. Rg6 g3 50.
Rfg7 Rd2 51. Rxg3 Kc5 52. R7g5+ Kd4 53. R5g4+ Ke5 54. a4 Rd7 55. a5 Ra7 56. Ra4 Kd5 57. b4 Kc4 58. Ka3 Rf7 59. Rg4+ Kb5 60. Rg5+ Kc4 61.
b5+ Kc3 62. a6 Rf1 63. Rc5+ Kd3 64. Kb4 Rb1+ 65. Ka5 Ke3 66. a7 Rg1 67. a8=Q Rg7 68. Qe8+ Kf3 69. Qf8+ Rf7 70. Qxf7+ Kg2 71. Rg5+ Kh1 72.
Qh5# 1-0

[Event "*** Titled Tuesday Blitz"]
[Site "Chess.com"]
[Date "2021.03.02"]
[Round "7"]
[White "fearless_guy"]
[Black "kuban1991"]
[Result "0-1"]
[WhiteElo "2831"]
[BlackElo "2966"]
[TimeControl "180+1"]
[EndTime "11:20:10 PST"]
[Termination "kuban1991 won on time"]

1. e4 e6 2. d4 d5 3. Nc3 Bb4 4. e5 c5 5. a3 Bxc3+ 6. bxc3 Nc6 7.
h4 Qa5 8. Bd2 c4 9. h5 f5 10. a4 Bd7 11. Ne2 O-O-O 12. Bc1 Nh6 13. Ba3 Nf7 14. g3 g6 15. Bg2 Rdg8 16. Qb1 g5 17. O-O g4 18. Qb2 Kb8 19. Rfb1 b6 20.
Nf4 Rd8 21. Ne2 Ng5 22. Bd6+ Ka8 23. Qa3 Rhe8 24. Rb5 Qa6 25. Nf4 Ne4 26. Rbb1 Qa5 27. Bxe4 fxe4 28. Rb5 Qa6 29. Qc1 Na5 30. Rbb1 Nb7 31.
Qd1 Nxd6 32. exd6 Bc6 33. Qxg4 Rxd6 34. a5 b5 35. Qg7 Qb7 36. Qe5 Qb8 37. Kg2 Rd7 38.
Qxb8+ Kxb8 39. Re1 e5 40. Ne2 Kc7 41. dxe5 Rxe5 42.
Nd4 Rxh5 43. Rh1 Rxh1 44. Rxh1 Re7 45. Rh6 Bd7 46. Ra6 Kb7 47. Rd6 e3 48. fxe3 Kc7 49.
Rxd5 Bc6 50. Nxc6 Kxc6 51. Rh5 Rxe3 52. Rh6+ Kc5 53. Rh5+ Kc6 54. Rh6+ Kb7 55. Rxh7+ Ka6 56. g4 Rxc3 57. g5 Rxc2+ 58. Kf3 Rc1 59. Kf2 Rc2+ 60.
Kf3 Rc1 61. Kf2 Rd1 62. g6 Rd8 63. Rf7 Kxa5 64. Rxa7+ Kb4 65. g7 c3 66. Rf7 c2 0-1

[Event "*** Titled Tuesday Blitz"]
[Site "Chess.com"]
[Date "2021.03.02"]
[Round "7"]
[White "champ2005"]
[Black "Azeryahu"]
[Result "1-0"]
[WhiteElo "2996"]
[BlackElo "2731"]
[TimeControl "180+1"]
[EndTime "11:20:11 PST"]
[Termination "champ2005 won by resignation"]

1. c4 b6 2. Nc3 Bb7 3. Nf3 c5 4. b3 g6 5. Bb2 Bg7 6. e3 Nf6 7. Be2 O-O 8. O-O Nc6 9. d4 cxd4 10.
Nxd4 Nxd4 11. Qxd4 Ne4 12. Qd3 Nxc3 13. Bxc3 Bxc3 14.
Qxc3 Qc7 15. Qd2 Rfd8 16. Rac1 Qe5 17. Rfd1 Rac8 18. Qd4 Qxd4 19. Rxd4 d6 20. Rcd1 Rc5 21. f4 f5 22. Kf2 Kf7 23. g4 Ra5 24. R1d2 Kf6 25.
h3 Rc5 26. Bf3 Bxf3 27. Kxf3 g5 28. Rd5 Rxd5 29. Rxd5 e6 30. Rd2 h6 31. a3 a6 32.
a4 a5 33. gxf5 exf5 34. Rd5 Ke6 35. Rb5 Rb8 36. Kg3 Rb7 37. h4 g4 38. h5 Rb8 39.
Kf2 Rb7 40. Kg2 Rb8 41. Kg3 Rb7 42. b4 Rc7 43. bxa5 bxa5 44. Rxa5 Rxc4 45. Ra8 Rc3 46. Kf2 Rc2+ 47. Kg3 Re2 48. a5 Rxe3+ 49. Kf2 Rf3+ 50.
Kg2 Rxf4 51. a6 Ra4 52. a7 Kd5 53. Kg3 Kd4 54. Kf4 Ra5 55. Rd8 Rxa7 56. Rxd6+ Kc3 57.
Rxh6 Rg7 58. Rg6 Rh7 59. Rg5 Kd3 60. Kxf5 Ke3 61. Kg6 Rh8 62. Rxg4 Kf3 63. Ra4 Rg8+ 64. Kh7 Rb8 65. h6 Kg3 66. Ra7 Kf4 67. Kg7 Kg5 68.
h7 1-0

[Event "*** Titled Tuesday Blitz"]
[Site "Chess.com"]
[Date "2021.03.02"]
[Round "7"]
[White "platy3"]
[Black "seorobert1971"]
[Result "0-1"]
[WhiteElo "2815"]
[BlackElo "2665"]
[TimeControl "180+1"]
[EndTime "11:20:12 PST"]
[Termination "seorobert1971 won by resignation"]

1. e4 c6 2. d4 d5 3. e5 Bf5 4. Nf3 e6 5. Be2 Nd7 6. O-O Ne7 7. c3 Bg6 8. a4 a5 9. Re1 Nf5 10. Nbd2 Be7 11. Nf1 O-O 12. Ng3 Nxg3 13. hxg3 Re8 14.
Be3 Rc8 15. Bd3 Bxd3 16. Qxd3 c5 17. g4 cxd4 18. cxd4 Qc7 19. Rec1 Qb6 20. b3 Nb8 21. g3 Na6 22. Kg2 Nb4 23. Qd2 Bf8 24. Ne1 Nc6 25.
Qd3 Nb4 26. Qd2 Nc6 27. Qd1 Nb4 28. f4 Be7 29. f5 Bf8 30. Nf3 Qa6 31. Qd2 Qd3 32.
Qxd3 Nxd3 33. Rd1 Rc2+ 34. Kh3 Nf2+ 35. Bxf2 Rxf2 36. Rd3 Rc8 37. Rh1 Be7 38. Rh2 Rxh2+ 39. Kxh2 Rc2+ 40. Kh3 h6 41. Re3 Kf8 42. Rd3 Ke8 43.
fxe6 fxe6 44. g5 Kf7 45. gxh6 gxh6 46. g4 Kg6 47. Kg3 Bg5 48. Nh4+ Kg7 49. Nf3 Kg6 50.
Nh4+ Kg7 51. Nf3 Bc1 52. Rd1 Rc3 53. Kg2 Bf4 54. Rb1 b6 55. b4 Rc2+ 56. Kf1 Be3 57. Ke1 Rf2 58. Ng1 Rh2 59. Kf1 Rh1 60. Kg2 Rxg1+ 61.
Rxg1 Bxg1 62. bxa5 Bxd4 63. a6 b5 64. axb5 Kg6 65.
Kg3 Kg5 66. Kf3 Bb6 67. Kg3 d4 68. Kf2 Kxg4 69. Ke2 Kf4 70. Kd3 Kxe5 71. a7 Bxa7 72. Kc4 Bb6 73. Kd3 Kd5 74. Kd2 e5 75. Ke2 e4 0-1

[Event "*** Titled Tuesday Blitz"]
[Site "Chess.com"]
[Date "2021.03.02"]
[Round "7"]
[White "Sanan_Sjugirov"]
[Black "Supernotar"]
[Result "1-0"]
[WhiteElo "2923"]
[BlackElo "2688"]
[TimeControl "180+1"]
[EndTime "11:20:18 PST"]
[Termination "Sanan_Sjugirov won by checkmate"]

1. d4 d5 2. Nf3 Nf6 3. Bf4 e6 4. e3 Bd6 5. Nbd2 c5 6. dxc5 Bxc5 7. Bd3 Nc6 8. O-O O-O 9. e4 Nb4 10. e5 Nxd3 11. cxd3 Nd7 12. Bg5 Be7 13. Bxe7 Qxe7 14.
Rc1 Nb8 15. Nd4 Bd7 16. f4 Nc6 17. N2b3 a5 18. Nxc6 Bxc6 19. Qd2 Rfc8 20. Nxa5 Qd8 21. Nxc6 bxc6 22. b3 Qb6+ 23. Qf2 c5 24. Rc2 Qb5 25.
Qe2 g6 26. Rfc1 Ra5 27. g3 Qb4 28. Kg2 Rca8 29. Qf2 h5 30. h4 Kg7 31. Kh3 R8a7 32. Rb2 Ra8 33. Rcc2 R8a7 34. Re2 Ra8 35. Rbc2 R8a7 36.
Kg2 Ra8 37. Qe3 R8a7 38. Rf2 Ra8 39. Kh2 Qb5 40. Rg2 Qb4 41. Qe2 Rh8 42. Qf2 Qb5 43. Qd2 Rha8 44. Re2 R8a7 45. Kg2 Ra8 46. Qc3 R8a7 47.
Kh3 Ra8 48. Qd2 R8a7 49. Qe3 Ra8 50. Rf2 Rh8 51. Rce2 Qb4 52. Qc1 Rha8 53. Rc2 Qb5 54. Qe3 Qb4 55. Rfe2 Qb5 56. Kh2 Qb4 57. Rg2 Qb5 58.
Rgd2 Qb4 59. Re2 Qb5 60. f5 gxf5 61. Qg5+ Kf8 62. Qxh5 Qxd3 63. Qh8+ Ke7 64. Qf6+ Ke8 65. Rf2 Ra3 66. h5 c4 67. h6 cxb3 68. h7 bxc2 69.
h8=Q+ Kd7 70. Qxf7+ Kc6 71. Qxe6+ Kc5 72. Qd6+ Kd4 73.
Qh4+ Ke3 74. Qc5+ d4 75. Qf4# 1-0